Map: Acropolis LE

Players

Hellraiser - Winner!

  • Race: Protoss Protoss
  • Spawn Location: 11:00

GhostHell

  • Race: Zerg Zerg
  • Spawn Location: 5:00

Event: 2019 WCS Summer

VOD

Have the link to the VOD?

Description

Time

  • Played on: July 12, 2019, 6:30 a.m.
  • Length: 18:55

All games in this series

Show
View Real Time Build Order
Export as new Build Order

Hellraiser Protoss - Winner!

Build Orders: 1 Gate Expand, Oracle Opening, Phoenix Opening, Archon Immortal 

Get SALT Encoding   

  12  0:01  Probe  
  13  0:13  Probe  
  14  0:21  Pylon  
  14  0:23  Probe  
  15  0:35  Probe  
  15  0:40  Gateway  
  16  0:45  Probe  
  16  0:49  Assimilator  
  17  0:57  Probe  
  18  1:09  Probe  
  19  1:21  Nexus  
  19  1:23  Probe  
  20  1:33  Cybernetics Core  
  20  1:36  Probe  
  21  1:42  Assimilator  
  21  1:48  Probe  
  21  1:52  Pylon  
  22  1:58  Probe  
  22  2:00  Adept  
  23  2:06  Probe  
  23  2:15  Probe  
  26  2:22  Stargate  
  27  2:27  Probe  
  27  2:29  Probe  
  28  2:32  Stalker  
  31  2:37  Probe  
  31  2:39  Probe  
  31  2:41  Warp Gate  
  33  2:47  Probe  
  34  2:51  Probe  
  35  2:58  Oracle  
  35  2:59  Probe  
  35  3:03  Probe  
  37  3:08  Pylon  
  37  3:12  Probe  
  41  3:15  Probe  
  41  3:18  Gateway  
  42  3:24  Assimilator, Probe  
  42  3:26  Assimilator  
  43  3:30  Probe, Robotics Facility  
  44  3:36  Probe  
  44  3:37  Phoenix  
  45  3:42  Pylon  
  45  3:44  Probe  
  48  3:48  Probe  
  48  3:54  Gateway  
  49  3:59  Gateway  
  49  4:00  Probe  
  49  4:02  Probe  
  51  4:10  Immortal  
  51  4:12  Probe  
  52  4:21  Probe  
  52  4:22  Pylon  
  57  4:25  Probe  
  57  4:30  Sentry x2  
  62  4:42  Gateway  
  62  4:43  Gateway, Warp Prism  
  62  4:45  Gateway  
  62  4:46  Gateway  
  64  4:54  Sentry  
  64  4:55  Sentry  
  64  4:58  Pylon  
  68  5:02  Pylon  
  68  5:09  Sentry, Pylon  
  70  5:17  Stalker, Sentry  
  70  5:18  Stalker  
  76  5:24  Pylon  
  76  5:42  Sentry x2  
  78  5:43  Stalker x4  
  78  5:45  Stalker  
  78  5:47  Zealot  
  92  6:07  Zealot x5  
  90  6:24  Stalker x3  
  88  6:29  Zealot, Immortal  
  88  6:30  Zealot x2  
  67  6:47  Twilight Council  
  67  6:52  Forge  
  64  6:57  Sentry x2, Zealot x2  
  64  6:58  Immortal  
  74  7:04  Stalker  
  78  7:14  Probe x2  
  80  7:18  Protoss Ground Weapons Level 1  
  80  7:26  Charge  
  80  7:27  Nexus  
  80  7:35  Probe x2, Immortal  
  82  7:37  Pylon  
  82  7:49  Probe, Templar Archives  
  87  7:53  Probe  
  88  8:01  Probe  
  88  8:02  Immortal  
  88  8:05  Probe  
  90  8:07  Stalker x2  
  94  8:13  Probe  
  94  8:17  Probe  
  100  8:20  Pylon  
  100  8:25  Probe  
  101  8:30  Pylon  
  101  8:31  Shield Battery  
  101  8:32  Shield Battery  
  101  8:38  High Templar  
  101  8:39  High Templar  
  101  8:40  Sentry, Immortal  
  101  8:41  Sentry, Zealot  
  111  8:42  Archon  
  107  9:05  Pylon  
  107  9:14  Zealot x8  
  121  9:17  Immortal  
  121  9:24  Probe  
  125  9:30  Probe  
  125  9:31  Probe  
  126  9:32  Assimilator  
  126  9:33  Assimilator  
  126  9:34  Protoss Ground Weapons Level 2  
  126  9:36  Probe  
  127  9:43  Probe  
  127  9:44  High Templar x2  
  127  9:45  Zealot x4  
  140  9:49  Observer  
  140  9:50  Archon  
  140  9:51  Pylon  
  140  9:53  Pylon  
  141  10:03  Immortal  
  141  10:15  Pylon  
  141  10:16  Pylon  
  141  10:17  Pylon  
  145  10:30  Warp Prism  
  145  10:33  Zealot x8  
  97  10:54  Immortal  
  97  10:55  High Templar x6  
  97  10:56  Zealot x2  
  109  10:59  Archon x2  
  109  11:01  Archon  
  93  11:20  Sentry x2, Immortal  
  97  11:28  Zealot x6  
  109  11:33  Nexus  
  109  11:37  Pylon  
  113  11:44  Zealot x2  
  117  11:57  Immortal  
  107  12:01  Zealot x3  
  107  12:02  Zealot x3  
  107  12:04  Probe  
  107  12:07  Probe  
  112  12:24  High Templar  
  112  12:25  High Templar x5  
  112  12:26  Zealot x2  
  128  12:30  Immortal  
  128  12:32  Archon x3  
  132  12:39  Probe x3  
  135  12:47  Zealot x2  
  139  12:55  Probe x2  
  139  12:57  Probe  
  142  13:00  Pylon  
  142  13:03  Zealot x6  
  142  13:05  Probe  
  145  13:07  Probe  
  145  13:08  Probe  
  145  13:10  Immortal  
  145  13:12  Probe  
  132  13:21  Protoss Ground Weapons Level 3  
  128  13:32  High Templar x4  
  128  13:33  Zealot x4  
  142  13:36  Archon x2  
  142  13:40  Immortal  
  142  13:55  Zealot x3  
  152  13:56  Pylon  
  152  13:58  Zealot  
  152  14:01  Pylon  
  150  14:05  Zealot x3  
  150  14:07  Sentry  
  150  14:08  Immortal  
  140  14:22  High Templar  
  140  14:23  Zealot, High Templar  
  148  14:27  Archon  
  148  14:28  Zealot x2  
  148  14:30  Sentry  
  154  14:35  Zealot x2  
  156  14:38  Immortal  
  156  14:47  Pylon  
  159  14:55  Zealot x5  
  159  14:56  Zealot x3  
  161  15:11  Immortal  
  151  15:16  Zealot  
  151  15:17  Zealot x7  
  169  15:23  Probe  
  169  15:24  Probe  
  169  15:25  Probe  
  169  15:27  Probe  
  173  15:35  Probe  
  172  15:36  Probe  
  172  15:38  Probe  
  172  15:39  Assimilator  
  172  15:40  Assimilator  
  172  15:41  Templar Archives  
  154  16:00  Protoss Shields Level 1  
  154  16:07  Photon Cannon  
  154  16:08  Immortal  
  154  16:09  Photon Cannon  
  154  16:10  Sentry x2, Zealot x2  
  154  16:11  Zealot, Shield Battery  
  164  16:13  Shield Battery  
  164  16:15  Shield Battery  
  168  16:34  Immortal  
  168  16:35  High Templar x5  
  168  16:36  Zealot  
  168  16:37  Zealot x2  
  184  16:40  Archon x2  
  188  17:10  Zealot x2, High Templar x2  
  188  17:11  Zealot x2  
  188  17:13  Pylon  
  199  17:18  Archon  
  185  17:34  Fleet Beacon  
  185  17:36  Observer, Stargate  
  181  17:39  Gateway  
  181  17:41  Gateway  
  182  17:52  Zealot  
  182  17:53  Zealot x5  
  188  18:05  Observer  
  177  18:32  Zealot x2  
  177  18:33  Zealot x5  
  179  18:37  Nexus  
  179  18:38  Pylon  
  157  18:46  Nexus  
Show
View Real Time Build Order
Export as new Build Order

GhostHell Zerg 

Build Orders: Hatch First, Swarm Host 

Get SALT Encoding   

  12  0:00  Drone  
  13  0:13  Overlord  
  13  0:17  Drone  
  14  0:31  Drone  
  14  0:33  Drone  
  14  0:35  Drone  
  17  0:52  Hatchery  
  17  0:55  Drone  
  17  0:58  Drone  
  18  1:09  Extractor  
  17  1:13  Spawning Pool  
  17  1:15  Drone  
  17  1:18  Drone  
  18  1:30  Drone  
  19  1:40  Overlord  
  19  1:50  Drone  
  20  2:00  Queen  
  22  2:02  Zergling x2  
  22  2:05  Queen  
  22  2:06  Zergling x2  
  26  2:10  Metabolic Boost  
  26  2:13  Drone  
  27  2:17  Drone  
  27  2:22  Drone  
  29  2:27  Drone  
  30  2:36  Hatchery  
  29  2:39  Drone  
  29  2:41  Drone  
  31  2:44  Drone  
  31  2:49  Overlord  
  32  2:55  Queen  
  34  3:00  Drone x2  
  36  3:09  Drone  
  36  3:10  Drone  
  36  3:11  Drone  
  36  3:12  Drone x2  
  41  3:14  Overlord  
  41  3:17  Drone  
  41  3:18  Drone  
  43  3:27  Spore Crawler  
  43  3:28  Drone  
  43  3:32  Drone  
  44  3:46  Drone  
  44  3:47  Drone x2  
  47  3:48  Queen  
  47  3:49  Drone x2  
  47  3:50  Drone, Overlord  
  47  3:51  Drone x4  
  47  3:55  Spore Crawler  
  55  4:00  Drone  
  56  4:05  Queen  
  57  4:14  Drone x4  
  57  4:15  Spore Crawler  
  60  4:19  Lair  
  60  4:20  Drone x3  
  60  4:21  Drone  
  60  4:22  Drone  
  65  4:28  Overlord x2  
  65  4:33  Extractor  
  65  4:34  Extractor, Roach Warren  
  59  4:40  Overlord x2  
  59  4:48  Drone x2  
  59  4:49  Drone x5  
  66  4:56  Overlord  
  66  5:01  Queen  
  68  5:13  Overlord  
  68  5:14  Overlord  
  68  5:15  Roach x6  
  68  5:16  Roach x2  
  84  5:24  Roach  
  84  5:25  Roach  
  89  5:28  Roach  
  89  5:31  Overlord  
  89  5:32  Zergling x2  
  89  5:33  Zergling x10  
  95  5:37  Ravager  
  95  5:41  Ravager x2  
  95  5:42  Zergling x10  
  103  5:45  Queen  
  103  5:47  Overlord  
  105  5:57  Roach x5  
  110  6:05  Roach  
  110  6:06  Roach  
  108  6:13  Roach x5  
  111  6:29  Roach x5  
  93  6:42  Glial Reconstitution  
  93  6:43  Queen x2  
  93  6:44  Queen  
  94  6:51  Drone x6  
  100  6:57  Roach  
  100  6:58  Roach x4  
  100  6:59  Extractor  
  109  7:09  Drone  
  109  7:10  Drone x2  
  109  7:14  Spine Crawler  
  109  7:15  Roach x3  
  117  7:26  Drone  
  117  7:29  Drone x2, Roach  
  122  7:30  Overlord x2  
  122  7:39  Evolution Chamber  
  121  7:50  Roach  
  121  7:51  Roach x7  
  137  8:05  Nydus Network  
  136  8:12  Overlord  
  136  8:13  Overlord x2  
  136  8:16  Zerg Missile Weapons Level 1  
  136  8:20  Extractor  
  136  8:25  Drone  
  136  8:26  Drone  
  136  8:27  Overlord x4  
  137  8:31  Overseer  
  137  8:36  Ravager x2  
  137  8:38  Drone x3  
  137  8:39  Roach x8  
  137  8:40  Roach  
  161  8:41  Ravager  
  161  8:51  Roach x5  
  157  9:00  Roach x6  
  163  9:05  Nydus Canal  
  122  9:25  Nydus Canal  
  122  9:27  Roach x10  
  140  9:35  Extractor  
  140  9:36  Drone x4  
  143  9:40  Infestation Pit  
  143  9:44  Drone x4  
  146  9:54  Nydus Canal  
  146  9:59  Roach x9  
  164  10:06  Overlord  
  162  10:09  Overlord  
  162  10:10  Overlord  
  162  10:17  Hatchery  
  162  10:18  Zerg Missile Weapons Level 2  
  161  10:23  Overlord  
  161  10:24  Ravager  
  161  10:25  Ravager x3  
  165  10:31  Nydus Canal  
  165  10:41  Roach x10  
  151  10:48  Roach x4  
  128  11:03  Swarm Host x3  
  128  11:13  Drone x3  
  128  11:14  Drone x4  
  128  11:15  Swarm Host  
  136  11:21  Swarm Host x2  
  136  11:23  Overlord  
  142  11:32  Swarm Host x2  
  145  11:37  Overseer  
  148  11:48  Roach x5, Spawning Pool  
  148  11:49  Nydus Canal  
  144  12:02  Roach x5  
  133  12:13  Roach x4  
  124  12:23  Roach x4  
  132  12:34  Overseer  
  132  12:41  Nydus Canal  
  132  12:45  Roach x5  
  142  12:51  Ravager  
  142  12:52  Ravager  
  142  12:56  Ravager  
  132  13:13  Roach x3  
  132  13:14  Roach x3  
  126  13:29  Roach  
  126  13:30  Roach x10  
  145  13:35  Nydus Canal  
  143  13:50  Roach x6  
  143  13:51  Hatchery  
  143  13:53  Ravager  
  151  14:05  Roach x5  
  156  14:15  Roach x5  
  161  14:25  Roach  
  161  14:26  Roach x3  
  169  14:39  Ravager  
  169  14:40  Roach  
  169  14:41  Roach  
  174  14:49  Roach x6  
  182  15:13  Roach  
  182  15:14  Roach x7  
  180  15:16  Ravager x4  
  180  15:18  Ravager x2  
  174  15:21  Ravager  
  174  15:22  Ravager x2  
  177  15:47  Ravager x4  
  177  15:48  Ravager  
  182  16:03  Nydus Canal  
  182  16:07  Hatchery  
  182  16:09  Overseer, Queen  
  183  16:12  Roach  
  183  16:13  Roach x4  
  183  16:15  Overseer  
  193  16:22  Nydus Canal  
  177  16:41  Roach x3  
  177  16:42  Roach x2  
  187  17:00  Nydus Canal  
  151  17:11  Roach x6  
  161  17:27  Ravager  
  161  17:28  Ravager x10  
  172  17:41  Roach x4  
  174  18:03  Roach x4  
Tags
 
Add a new tag
Caveats
  • Supply blocks, unpowered buildings, or Contaminate may cause inaccurate times.
  • Supply counts are checked every 10 seconds.